 Dungeon Crawl Stone Soup version 0.25-a0-566-g062765be81 (webtiles) character file.

Game seed: 11044561765761068399, levelgen mode: deterministic

2704 kae the Slicer (level 9, 0/50 HPs)
             Began as a Kobold Enchanter on Feb 27, 2020.
             Was a Follower of Dithmenos.
             Killed from afar by an orc wizard (11 damage)
             ... with a puff of frost
             ... on level 7 of the Dungeon.
             The game lasted 00:09:29 (8585 turns).

kae the Slicer (Kobold Enchanter)                   Turns: 8585, Time: 00:09:30

Health: 0/50       AC:  8    Str:  5    XL:     9   Next: 97%
Magic:  6/17       EV: 16    Int: 19    God:    Dithmenos [*.....]
Gold:   309        SH:  0    Dex: 16    Spells: 13/19 levels left

rFire    + . .     SeeInvis .   w - +0 dagger (venom)
rCold    . . .     Gourm    .   (shield restricted)
rNeg     . . .     Faith    .   y - +1 leather armour {rF+}
rPois    .         Spirit   .   (no helmet)
rElec    .         Reflect  .   l - +1 cloak
rCorr    .         Harm     .   m - +1 pair of gloves
MR       .....                  (no boots)
Stlth    ++++......             (no amulet)
HPRegen  0.16/turn              (no ring)
MPRegen  0.15/turn              (no ring)

@: very slightly contaminated, wreathed by umbra
A: small, carnivore
a: Renounce Religion


You were on level 7 of the Dungeon.
You worshipped Dithmenos.
Dithmenos was aware of your devotion.
You were completely stuffed.

You visited 1 branch of the dungeon, and saw 7 of its levels.
You also visited: Sewer.

You collected 329 gold pieces.
You spent 20 gold pieces at shops.

Inventory:

Hand Weapons
 a - a +1 dagger
 e - a +1 dagger of holy wrath
 p - a +0 dagger of flaming
 q - a +4 dagger
 w - a +0 dagger of venom (weapon)
Armour
 b - a +0 robe
 f - a scarf of resistance
 h - a +0 cloak
 l - a +1 cloak (worn)
 m - a +1 pair of gloves (worn)
 y - a +1 leather armour of fire resistance (worn)
Scrolls
 c - 2 scrolls of amnesia
 i - a scroll of enchant armour
 j - a scroll of enchant weapon
 o - a scroll of teleportation
 s - 4 scrolls of remove curse
 x - 3 scrolls of blinking
 z - a scroll of fear
Potions
 g - a potion of cancellation
 k - 5 potions of curing
 n - a potion of resistance
 r - a potion of invisibility
 t - 2 potions of degeneration {unknown}
 u - a potion of berserk rage {unknown}
 v - a potion of stabbing
 A - a potion of brilliance {unknown}
 C - 3 potions of magic {unknown}
 D - a potion of ambrosia {unknown}
Comestibles
 d - 8 rations


   Skills:
 - Level 3.0 Fighting
 * Level 10.0 Short Blades
 - Level 5.0 Dodging
 + Level 8.6 Stealth
 + Level 5.6 Spellcasting
 + Level 6.1 Hexes


You had 13 spell levels left.
You knew the following spells:

 Your Spells              Type           Power        Failure   Level  Hunger
a - Corona                Hex            ####...      1%          1    None
b - Ensorcelled Hibernat  Hex/Ice        ###...       9%          2    None
c - Confusing Touch       Hex            ####....     4%          3    ##.....

Your spell library contained the following spells:

 Spells                   Type           Power        Failure   Level  Hunger
 Tukima's Dance           Hex            ####....     4%          3    ##.....
 Dazzling Flash           Conj/Hex       ###...       17%         3    ##.....


Dungeon Overview and Level Annotations

Branches:
Dungeon (7/15)             Temple (0/1) D:6           Sewer (visited)

Altars:
Dithmenos
Fedhas
Ru
Yredelemnul

Shops:
D:4 (   D:5 *%

Annotations:
D:4 2 transporters


Innate Abilities, Weirdness & Mutations

You are small and have problems with some larger weapons.
You are carnivorous and can eat meat at any time.


Message History

You hit something but do no damage. You completely miss something.
You hear some strange, mumbled words.
A magic dart appears from out of thin air!
The magic dart hits you.
* * * LOW HITPOINT WARNING * * *
You miss something. You miss something. Something hits you but does no damage.
You hit something but do no damage. You hit something.
You hear some strange, mumbled words.
A puff of frost appears from out of thin air!
The puff of frost hits you.
* * * LOW HITPOINT WARNING * * *
You miss something. You miss something.
You hear some strange, mumbled words.
A puff of frost appears from out of thin air!
The puff of frost hits you!
You die...

## ##### #### ### #.... #+
#.......# #.### ...
#.##.##.# #.# # ..o.
#.##.##.# #.### ...o.
#..#....# #....
......####...##..#######..
......'o{@)...............
......####...)...#######..
..... ##.....## ##. ....
##.#### ####### ... #.#
#...... #+ #.# #.####. #.#
#.####. #.# #.##... #.#
#.##.#.


You could see an orc.

Vanquished Creatures
  A troll (D:6)
  Eustachio (D:4)
  Purgy (Sewer)
  2 orc warriors
  3 sky beasts
  A phantom (D:6)
  2 ice beasts
  A centaur (D:5)
  An ogre (D:4)
  2 bullfrogs
  2 scorpions
  A howler monkey (D:6)
  5 crimson imps
  2 centaur skeletons
  2 gnoll shamans
  3 orc priests
  Terence (D:3)
  A bullfrog skeleton (D:5)
  2 hounds
  An iguana (D:5)
  4 worker ants
  5 orc wizards
  A killer bee zombie (D:6)
  2 hound skeletons
  Robin (D:4)
  7 gnolls
  2 river rats (D:5)
  7 adders
  2 shadow imps (D:6)
  2 oozes (D:3)
  An adder zombie (D:6)
  An adder skeleton (D:5)
  2 worms
  2 dart slugs
  2 leopard geckos (D:1)
  11 orcs
  6 giant cockroaches
  2 gnoll zombies (D:2)
  18 goblins
  8 hobgoblins
  5 jackals
  2 quokkas
  3 bats
  2 frilled lizards
  7 kobolds
  A quokka skeleton (D:6)
  7 rats
148 creatures vanquished.

Notes
Turn   | Place    | Note
-------+----------+-------------------------------------------
     0 | D:1      | kae the Kobold Enchanter began the quest for the Orb.
     0 | D:1      | Reached XP level 1. HP: 10/10 MP: 3/3
   385 | D:1      | Reached skill level 2 in Short Blades
   385 | D:1      | Reached XP level 2. HP: 15/15 MP: 5/5
   549 | D:1      | Learned a level 2 spell: Ensorcelled Hibernation
   944 | D:1      | Reached XP level 3. HP: 19/19 MP: 6/6
   949 | D:1      | Learned a level 3 spell: Confusing Touch
  2192 | D:2      | Reached skill level 3 in Short Blades
  2192 | D:2      | Reached XP level 4. HP: 20/24 MP: 3/8
  2260 | D:2      | Reached skill level 1 in Fighting
  2433 | D:2      | Found a basalt altar of Yredelemnul.
  2686 | D:3      | Reached XP level 5. HP: 29/29 MP: 9/9
  3077 | D:3      | Noticed Terence
  3097 | D:3      | Killed Terence
  3798 | D:4      | Reached skill level 4 in Short Blades
  3798 | D:4      | Reached skill level 5 in Stealth
  3808 | D:4      | Reached XP level 6. HP: 27/34 MP: 6/10
  3925 | D:4      | Noticed Eustachio
  4205 | D:4      | Noticed an ogre
  4211 | D:4      | Killed an ogre
  4211 | D:4      | Reached skill level 5 in Short Blades
  4211 | D:4      | Reached XP level 7. HP: 10/40 MP: 6/11
  4528 | D:4      | Noticed Robin
  4844 | D:4      | Killed Robin
  4979 | D:4      | Found a transporter.
  4984 | D:4      | Found a transporter.
  5323 | D:4      | Found Radyaqiu's Weapon Shoppe.
  5477 | D:4      | Killed Eustachio
  5477 | D:4      | Reached skill level 6 in Short Blades
  5716 | D:5      | Entered Level 5 of the Dungeon
  5745 | D:5      | Reached XP level 8. HP: 43/45 MP: 13/13
  5857 | D:5      | Found Dyonuod's Food Emporium.
  5932 | D:5      | Found a blossoming altar of Fedhas.
  6088 | D:5      | Found Iluud's General Store.
  6117 | D:5      | Found a glowing drain.
  6198 | Sewer    | Entered a sewer
  6360 | Sewer    | Noticed Purgy
  6362 | Sewer    | Killed Purgy
  6362 | Sewer    | Reached skill level 7 in Short Blades
  6462 | D:5      | Found a sacrificial altar of Ru.
  6772 | D:5      | Bought a scroll of identify for 20 gold pieces
  6908 | D:5      | Reached skill level 5 in Dodging
  6908 | D:5      | Reached skill level 5 in Hexes
  6941 | D:6      | Reached XP level 9. HP: 50/50 MP: 12/15
  6946 | D:6      | Found a shadowy altar of Dithmenos.
  7017 | D:6      | Noticed a troll
  7024 | D:6      | Killed a troll
  7024 | D:6      | Reached skill level 8 in Short Blades
  7027 | D:6      | Became a worshipper of Dithmenos the Shadowed
  7112 | D:6      | Found a staircase to the Ecumenical Temple.
  7166 | D:6      | Reached skill level 5 in Spellcasting
  7408 | D:6      | Reached skill level 9 in Short Blades
  8560 | D:7      | Reached skill level 10 in Short Blades
  8573 | D:7      | Reached * piety under Dithmenos
  8585 | D:7      | Killed from afar by an orc wizard

Levels and vault maps discovered:
D:1:      lightli_arrival_flooded_house, layout_loops_cross
D:2:      layout_loops_ring, lemuel_zombie_altar_yredelemnul
D:3:      layout_basic, grunt_ministairs_15, glass_columns_a, uniq_terence
D:4:      gammafunk_steamed_eel, layout_loops_ring, serial_shops,
          kennysheep_mini, uniq_eustachio, uniq_robin
D:5:      layout_loops_ring, first_ration, serial_shops,
          nicolae_shop_waterfront, shop, portal_sewer_entry_c,
          kennysheep_flooded_box, minivault_26, fedhas_ov_isle_minmay
D:6:      layout_basic, minmay_temple_entry_large_hall,
          nicolae_dithmenos_shadow_blocks
D:7:      layout_loops_corners, ebering_ghost_gozag, uniq_duvessa

Skill      XL: |  1  2  3  4  5  6  7  8  9 |
---------------+----------------------------+-----
Short Blades   | 2 3 4 5 6 7 10 | 10.0
Fighting       | 1 2 3 |  3.0
Dodging        | 3 4 5 |  5.0
Stealth        | 5 6 7 8 |  8.6
Spellcasting   | 3 4 5 |  5.6
Hexes          | 4 5 6 |  6.1

Action                   |  1- 3 |  4- 6 |  7- 9 || total
-------------------------+-------+-------+-------++-------
Melee: Dagger            |   111 |   178 |   489 ||   778
 Cast: Ensorcelled Hiber |     9 |    24 |    42 ||    75
       Corona            |     1 |     1 |     3 ||     5
       Confusing Touch   |     1 |     1 |    15 ||    17
  Use: Scroll            |       |    10 |     3 ||    13
       Potion            |       |     1 |     2 ||     3
 Stab: Sleeping          |    11 |    15 |    33 ||    59
       Distracted        |     2 |       |     1 ||     3
       Confused          |     1 |     1 |    13 ||    15
  Eat: Chunk             |    13 |     4 |    20 ||    37
Armor: Robe              |    11 |    28 |    15 ||    54
       Skin              |       |    24 |       ||    24
       Leather armour    |       |       |    99 ||    99
Dodge: Dodged            |    63 |   108 |   230 ||   401

Table legend:
 A = Non-vault XP
 B = Vault XP
 C = Vault XP percentage of total XP
 D = Non-vault monster count
 E = Vault monster count
 F = Vault count percentage of total count
                 A         B        C        D         E       F
            +---------+---------+-------+---------+---------+-------
      Total |    3391 |     473 |  12.2 |     120 |      28 |  18.9
            +---------+---------+-------+---------+---------+-------
        D:1 |      31 |       0 |   0.0 |      15 |       0 |   0.0
        D:2 |      95 |       4 |   4.0 |      14 |       2 |  12.5
        D:3 |      38 |      42 |  52.5 |      15 |       2 |  11.8
        D:4 |     528 |     255 |  32.6 |      19 |      14 |  42.4
        D:5 |     774 |      29 |   3.6 |      19 |       4 |  17.4
        D:6 |    1301 |       0 |   0.0 |      27 |       0 |   0.0
        D:7 |     624 |       0 |   0.0 |      11 |       0 |   0.0
      Sewer |       0 |     143 | 100.0 |       0 |       6 | 100.0
            +---------+---------+-------+---------+---------+-------
